 Dungeon Crawl Stone Soup version 0.23.2-40-g277498a001 (webtiles) character file.

Game seed: 15630735112621643040

33 Curus the Unweaver (level 3, -4/31 HPs)
             Began as a Hill Orc Abyssal Knight on Sept 13, 2019.
             Was a Follower of Lugonu.
             Slain by Sigmund
             ... wielding a +0 scythe
              (7 damage)
             ... on level 2 of the Dungeon.
             The game lasted 00:05:04 (845 turns).

Curus the Unweaver (Hill Orc Abyssal Knight)         Turns: 845, Time: 00:05:04

Health: -4/31      AC:  3    Str: 14    XL:     3   Next: 29%
Magic:  0/5        EV:  8    Int: 12    God:    Lugonu [*.....]
Gold:   100        SH:  6    Dex: 11    Spells: 2/2 levels left

rFire    . . .     SeeInvis .   a - +1 spear
rCold    . . .     Gourm    .   f - +0 shield
rNeg     . . .     Faith    .   b - +0 leather armour
rPois    .         Spirit   +   (no helmet)
rElec    .         Reflect  .   (no cloak)
rCorr    .         Harm     .   (no gloves)
MR       .....                  (no boots)
Stlth    +.........             d - amulet of guardian spirit
HPRegen  0.10/turn              (no ring)
MPRegen  0.09/turn              (no ring)

@: berserk cooldown, slowed, very slow
A: no striking features
a: Depart the Abyss, Renounce Religion


You were on level 2 of the Dungeon.
You worshipped Lugonu.
Lugonu was aware of your devotion.
You were not hungry.

You visited 1 branch of the dungeon, and saw 2 of its levels.
You visited the Abyss 1 time.

You collected 100 gold pieces.

Inventory:

Hand Weapons
 a - a +1 spear (weapon)
Armour
 b - a +0 leather armour (worn)
 f - a +0 shield (worn)
Jewellery
 d - an amulet of guardian spirit (around neck)
Scrolls
 g - a scroll of amnesia
 h - 2 scrolls of identify
 j - a scroll of remove curse
Potions
 e - 2 potions of berserk rage
 i - a potion of brilliance
Comestibles
 c - 2 rations


   Skills:
 - Level 3.6 Fighting
 + Level 3.2 Polearms
 - Level 2.1 Armour
 - Level 0.7 Dodging
 + Level 3.7 Invocations


You had 2 spell levels left.
You didn't know any spells.
Your spell library was empty.

Dungeon Overview and Level Annotations

Branches:
Dungeon (2/15)

Altars:
Okawaru

Annotations:
D:2 Sigmund


Message History

You feel yourself slow down. The frilled lizard bites you.
Something hits you but does no damage.
You hit something. You block the frilled lizard's attack.
You hear some strange, mumbled words.
A magic dart appears from out of thin air!
The magic dart hits you. The frilled lizard bites you.
You hit something but do no damage. Something completely misses you.
The frilled lizard bites you but does no damage.
Your shield prevents you from hitting something.
The frilled lizard bites you. Something hits you.
* * * LOW HITPOINT WARNING * * *
You aren't in the Abyss!
Unknown command.
You hit something. The frilled lizard bites you.
* * * LOW HITPOINT WARNING * * *
Something hits you.
* * * LOW HITPOINT WARNING * * *
The frilled lizard bites you but does no damage.
You miss something. You block the frilled lizard's attack. Something hits you!
You die...

########.###. ##
#.##.###.# # #........#
#..#######
#.#########.###
#.............#
##.####.##.#...##########
.........................
##..####@####..##########
#. ##..{l.##.#.#........
#..#.......#.##..#######
..#.......#..##.##
#....._......##..##
#.#......)#..##.#.#####
..)#.......#......#.)...
#. ##.....##.#..........
#..####†####......>.....


You could see a frilled lizard.

Vanquished Creatures
  A worm (D:2)
  A dart slug (D:1)
  A leopard gecko (D:1)
  A bat (D:1)
  A giant cockroach (D:1)
  6 goblins
  5 hobgoblins
  4 jackals (D:2)
  A kobold (D:1)
  A rat (D:1)
22 creatures vanquished.

Notes
Turn   | Place    | Note
-------+----------+-------------------------------------------
     0 | Abyss:1  | Curus the Hill Orc Abyssal Knight began the quest for the
                  | Orb.
     0 | Abyss:1  | Reached XP level 1. HP: 19/19 MP: 2/2
    52 | Abyss:1  | Noticed a deep elf elementalist
    53 | D:1      | Escaped the Abyss
   190 | D:1      | Reached XP level 2. HP: 19/26 MP: 2/4
   227 | D:1      | Reached * piety under Lugonu
   628 | D:2      | Found an iron altar of Okawaru.
   640 | D:2      | Reached XP level 3. HP: 29/31 MP: 5/5
   648 | D:2      | Noticed Sigmund
   845 | D:2      | Slain by Sigmund

Skill      XL: |  1  2 |
---------------+-------+-----
Invocations    | 3 |  3.7
Polearms       | 3 |  3.2
Fighting       | |  3.6
Armour         | |  2.1
Dodging        | |  0.7

Action                   || total
-------------------------++-------
Melee: Spear             ||    97
Invok: Depart the Abyss  ||     1
  Use: Scroll            ||     4
       Potion            ||     4
Armor: Leather armour    ||    25
Dodge: Dodged            ||    41
Block: Shield            ||    27
